 Dungeon Crawl Stone Soup version 0.25-a0-1130-g3926558f3a (webtiles) character file.

Game seed: 15220581939621272993, levelgen mode: deterministic

30 vurker the Charlatan (level 3, 27/27 HPs)
             Began as a Human Artificer on May 19, 2020.
             Was a Follower of Kikubaaqudgha.
             Quit the game on level 2 of the Dungeon.
             The game lasted 00:02:09 (1383 turns).

vurker the Charlatan (Human Artificer)              Turns: 1383, Time: 00:02:10

Health: 27/27      AC: 14    Str: 13    XL:     3   Next: 37%
Magic:  5/5        EV:  3    Int: 11    God:    Kikubaaqudgha [*.....]
Gold:   112        SH:  0    Dex: 13    Spells: 2/2 levels left

rFire    . . .     SeeInvis .   a - +1 short sword
rCold    . . .     Gourm    .   (no shield)
rNeg     + . .     Faith    .   p - +1 plate armour
rPois    .         Spirit   .   c - +2 helmet
rElec    .         Reflect  .   (no cloak)
rCorr    .         Harm     .   (no gloves)
MR       .....                  (no boots)
Stlth    ..........             r - amulet of inaccuracy (curse)
HPRegen  0.09/turn              n - ring of positive energy
MPRegen  0.09/turn              (no ring)

@: no status effects
A: no striking features
a: Receive Corpses, Renounce Religion


You were on level 2 of the Dungeon.
You worshipped Kikubaaqudgha.
Kikubaaqudgha was aware of your devotion.
You were not hungry.

You visited 1 branch of the dungeon, and saw 2 of its levels.

You collected 112 gold pieces.

Inventory:

Hand Weapons
 a - a +1 short sword (weapon)
Armour
 c - a +2 helmet (worn)
   (You found it on level 1 of the Dungeon)
 p - a +1 plate armour (worn)
   (You found it on level 1 of the Dungeon)
Jewellery
 n - a ring of positive energy (left hand)
   (You found it on level 1 of the Dungeon)
 r - a cursed amulet of inaccuracy (around neck)
   (You found it on level 2 of the Dungeon)
Wands
 d - a wand of enslavement (15)
 f - a wand of random effects (14)
 t - a wand of flame (15)
Scrolls
 j - a scroll of enchant armour
 m - a scroll of remove curse {unknown}
Potions
 g - a potion of mutation {unknown}
 h - 2 potions of stabbing {unknown}
 i - 2 potions of heal wounds
 k - a potion of resistance {unknown}
 l - a potion of might {unknown}
 o - 3 potions of curing
Comestibles
 b - 3 chunks of flesh
 e - a ration


   Skills:
 + Level 1.8 Fighting
 - Level 1.0 Short Blades
 + Level 1.3 Armour
 - Level 2.0 Dodging
 - Level 1.0 Stealth
 + Level 3.4 Evocations


You had 2 spell levels left.
You didn't know any spells.
Your spell library contained the following spells:

 Spells                   Type           Power        Failure   Level  Hunger
 Pain                     Necr           #...         100%        1    ##.....
 Corpse Rot               Necr/Air       N/A          100%        2    ###....
 Sublimation of Blood     Necr           #.........   100%        2    ###....
 Vampiric Draining        Necr           #.........   100%        3    ####...


Dungeon Overview and Level Annotations

Branches:
Dungeon (2/15)

Altars:
Kikubaaqudgha


Message History

Found a stone staircase leading down.
Found 8 gold pieces.
Found 16 stones.
You now have 112 gold pieces (gained 8).
You see here 16 stones.
A hobgoblin comes into view. It is wielding a +0 club.
The hobgoblin shouts!
Found a scroll labeled FIAF PUCYMM.
A hobgoblin is nearby!
The hobgoblin barely misses you.
You miss the hobgoblin. The hobgoblin hits you with a +0 club.
You hit the hobgoblin. The hobgoblin barely misses you.
You hit the hobgoblin but do no damage.
The hobgoblin hits you but does no damage.
Your plate armour prevents you from hitting the hobgoblin.
The hobgoblin hits you but does no damage.
You barely miss the hobgoblin.
You are feeling hungry.
You closely miss the hobgoblin.
The hobgoblin hits you but does no damage.
Your plate armour prevents you from hitting the hobgoblin.
The hobgoblin hits you but does no damage.
You hit the hobgoblin.
You kill the hobgoblin!
No target in view!
No target in view!
No target in view!
No target in view!
No target in view!
Eating a chunk of flesh.
You eat the chunk of flesh.
Things that are here:
a +0 club; a hobgoblin corpse You butcher the hobgoblin corpse.
b - 3 chunks of flesh
Things that are here:
a +0 club; a hobgoblin skeleton
Things that are here:
a +0 club; a hobgoblin skeleton Sorry, I don't know how to traverse that place.
There is a faded altar of an unknown god here.
You cannot tell which god this altar belongs to.
Convert to them anyway?
Kikubaaqudgha accepts your prayer! Kikubaaqudgha welcomes you!
You can now receive cadavers from Kikubaaqudgha.
You see here Kikubaaqudgha's Catalogue of Black Rituals.
Kikubaaqudgha grants you a gift!
You pick up Kikubaaqudgha's Catalogue of Black Rituals and begin reading...
You add the spells Pain, Corpse Rot, Sublimation of Blood and Vampiric Draining to your library.
There is an ancient bone altar of Kikubaaqudgha here.
m - a scroll labeled FIAF PUCYMM

##......##.#.##.#.####...)...
#..........#.# #. #..).<..
#.#......#.#.# # #.#..##.
#....##....#.##.# #.#....
######............# ..##..#.
###............#.####.######....
.....###.#.#...#)# .... #..##
..♣..###.......#.# #..#### #..#
.♣_♣..##.#.....#@# #..... #...
..♣............#.# #..#.####
.....##........#.## #.......
###.###.....#....##.#....# #.#
#..................##... #.#
#.....#####.####........ #.#
##.#.### #.# #..#.##.## #.#
#.....####.###..#.##.# #.#
###................#.#


There were no monsters in sight!

Vanquished Creatures
  An adder (D:2)
  2 giant cockroaches
  6 goblins
  3 hobgoblins
  3 bats
  2 kobolds
  5 rats
22 creatures vanquished.

Notes
Turn   | Place    | Note
-------+----------+-------------------------------------------
     0 | D:1      | vurker the Human Artificer began the quest for the Orb.
     0 | D:1      | Reached XP level 1. HP: 15/15 MP: 3/3
   303 | D:1      | Reached XP level 2. HP: 17/21 MP: 4/4
   945 | D:2      | Reached skill level 1 in Armour
   945 | D:2      | Reached XP level 3. HP: 12/27 MP: 5/5
  1258 | D:2      | Found a faded altar of an unknown god.
  1364 | D:2      | Became a worshipper of Kikubaaqudgha
  1364 | D:2      | Reached * piety under Kikubaaqudgha
  1364 | D:2      | Identified Kikubaaqudgha's Catalogue of Black Rituals
                  | (Kikubaaqudgha gifted it to you on level 2 of the Dungeon)
  1364 | D:2      | Received a gift from Kikubaaqudgha
  1383 | D:2      | Quit the game

Illustrated notes

Levels and vault maps discovered:
D:1:      dpeg_arrival_brainrot, layout_basic, serial_bayou_lagoon_a
D:2:      layout_basic, chequers_ecumenical_altar_simple

Skill      XL: |  1  2 |
---------------+-------+-----
Armour         | 1 |  1.3
Fighting       | |  1.8
Short Blades   | |  1.0
Dodging        | |  2.0
Stealth        | |  1.0
Evocations     | |  3.4

Action                   || total
-------------------------++-------
Melee: Short sword       ||   117
Evoke: Wand              ||     1
  Use: Scroll            ||     4
       Potion            ||     1
 Stab: Sleeping          ||     1
  Eat: Chunk             ||     2
Armor: Leather armour    ||     7
       Plate armour      ||    58
Dodge: Dodged            ||    42

Table legend:
 A = Non-vault XP
 B = Vault XP
 C = Vault XP percentage of total XP
 D = Non-vault monster count
 E = Vault monster count
 F = Vault count percentage of total count
                 A         B        C        D         E       F
            +---------+---------+-------+---------+---------+-------
      Total |      44 |       0 |   0.0 |      22 |       0 |   0.0
            +---------+---------+-------+---------+---------+-------
        D:1 |      15 |       0 |   0.0 |      11 |       0 |   0.0
        D:2 |      29 |       0 |   0.0 |      11 |       0 |   0.0
            +---------+---------+-------+---------+---------+-------
